 Dungeon Crawl Stone Soup version 0.24-a0-613-g1ff6aac338 (webtiles) character file.

Game seed: 7921613236933494648, levelgen mode: deterministic

23 Mame the Stinger (level 2, -4/17 HPs)
             Began as an Octopode Venom Mage on Sept 11, 2019.
             Slain by a worm (10 damage)
             ... on level 1 of the Dungeon.
             The game lasted 00:04:51 (911 turns).

Mame the Stinger (Octopode Venom Mage)               Turns: 911, Time: 00:04:52

Health: -4/17      AC:  1    Str:  7    XL:     2   Next: 95%
Magic:  1/5        EV: 13    Int: 17    God:
Gold:   62         SH:  0    Dex: 12    Spells: 4/5 levels left

rFire    . . .     SeeInvis .   g - +0 short sword
rCold    . . .     Gourm    .   (no shield)
rNeg     . . .     Faith    .   (helmet restricted)
rPois    .         Spirit   .   (no amulet)
rElec    .         Reflect  .   (no ring)
rCorr    .         Harm     .   (no ring)
MR       .....                  (no ring)
Stlth    +++.......             (no ring)
HPRegen  0.05/turn              (no ring)
MPRegen  0.09/turn              (no ring)
                                (no ring)
                                (no ring)

@: no status effects
A: almost no armour, stealthy swim, amphibious, 8 rings, constrict 8, camouflage
1, gelatinous body 1
a: no special abilities


You were on level 1 of the Dungeon.
You were not hungry.

You visited 1 branch of the dungeon, and saw 2 of its levels.

You collected 62 gold pieces.

Inventory:

Hand Weapons
 g - a +0 short sword (weapon)
Scrolls
 a - a scroll of teleportation {unknown}
 c - a scroll of identify {unknown}
 i - a scroll of blinking {unknown}
Potions
 d - a potion of heal wounds {unknown}
 e - a potion of cancellation {unknown}
 f - a potion of curing {unknown}
Comestibles
 b - 2 rations
 h - a chunk of flesh


   Skills:
 + Level 0.4 Short Blades
 - Level 2.0 Dodging
 + Level 3.5 Stealth
 + Level 2.0 Spellcasting
 - Level 1.0 Conjurations
 + Level 4.3 Poison Magic


You had 4 spell levels left.
You knew the following spells:

 Your Spells              Type           Power        Failure   Level  Hunger
a - Sting                 Conj/Pois      ##..         7%          1    #......

Your spell library contained the following spells:

 Spells                   Type           Power        Failure   Level  Hunger
 Poisonous Vapours        Pois/Air       #.....       12%         2    ###....
 Mephitic Cloud           Conj/Pois/Air  #.......     28%         3    ###....
 Olgreb's Toxic Radiance  Pois           ###.....     32%         4    #####..
 Venom Bolt               Conj/Pois      ##........   88%         5    ######.


Dungeon Overview and Level Annotations

Branches:
Dungeon (2/15)

Altars:


Innate Abilities, Weirdness & Mutations

You cannot wear most types of armour.
You are very stealthy in the water. (Stealth+)
You are amphibious.
You can wear up to eight rings at the same time.
You can use your tentacles to constrict eight enemies at once.
Your skin changes colour to match your surroundings (Stealth+).
Your rubbery body absorbs attacks. (AC +1, EV +1)


Message History

You constrict the worm, but do no damage.
The worm bites you!
Ouch! That really hurt!
You are too injured to fight recklessly!
You are too injured to fight recklessly!
You are too injured to fight recklessly!
You are too injured to fight recklessly!
You are too injured to fight recklessly!
You are too injured to fight recklessly!
You hit the worm.
The worm is severely wounded.
You constrict the worm. The worm barely misses you.
You completely miss the worm. You squeeze the worm, but do no damage.
The worm is severely wounded.
You constrict the worm. You hit the worm.
The worm is severely wounded.
You constrict the worm. The worm bites you!
Ouch! That really hurt!
You die...

............#
............#
.)..........#######
.......(..........#
.......(..........#
#######.#'#.......#
..........#.......######
#....รท.)..#....w.......#
#........>######@......#
#.........# #.......#
#.........#
###.......####
#(........#
#............#
#.........#
#............#
##.########
#............# #.#
#............#
#.#########
#............#
#.........#
#............#


You could see a worm.

Vanquished Creatures
  2 leopard geckos (D:1)
  A ball python (D:1)
  4 hobgoblins
  3 kobolds (D:1)
  2 bats (D:1)
  3 frilled lizards
  2 goblins (D:1)
  4 rats (D:1)
21 creatures vanquished.

Notes
Turn   | Place    | Note
-------+----------+-------------------------------------------
     0 | D:1      | Mame the Octopode Venom Mage began the quest for the Orb.
     0 | D:1      | Reached XP level 1. HP: 11/11 MP: 3/3
   217 | D:1      | Reached skill level 4 in Poison Magic
   217 | D:1      | Reached XP level 2. HP: 17/17 MP: 1/5
   911 | D:1      | Slain by a worm

Levels and vault maps discovered:
D:1:      dpeg_arrival_connections, layout_basic
D:2:      layout_basic, grunt_gozag_breadcrumbs

Skill      XL: |  1 |
---------------+----+-----
Stealth        | 3 |  3.5
Poison Magic   | 4 |  4.3
Short Blades   | |  0.4
Dodging        | |  2.0
Spellcasting   | |  2.0
Conjurations   | |  1.0

Action                   || total
-------------------------++-------
Melee: Short sword       ||     7
       Constrict         ||     3
       Tentacles         ||     1
 Cast: Sting             ||    34
Armor: Skin              ||     3
Dodge: Dodged            ||    10

Table legend:
 A = Non-vault XP
 B = Vault XP
 C = Vault XP percentage of total XP
 D = Non-vault monster count
 E = Vault monster count
 F = Vault count percentage of total count
                 A         B        C        D         E       F
            +---------+---------+-------+---------+---------+-------
      Total |      33 |       0 |   0.0 |      21 |       0 |   0.0
            +---------+---------+-------+---------+---------+-------
        D:1 |      30 |       0 |   0.0 |      19 |       0 |   0.0
        D:2 |       3 |       0 |   0.0 |       2 |       0 |   0.0
            +---------+---------+-------+---------+---------+-------
